[Event "Marshall CC FIDE Premier February 2024"]
[Site "New York"]
[Date "2024.02.03"]
[Round "1.1"]
[White "Chakka, Pardhav"]
[Black "Bortnyk, Mykola"]
[Result "0-1"]
[ECO "A40"]
[WhiteElo "1938"]
[BlackElo "2421"]
[Annotator "RC"]
[PlyCount "76"]
[EventDate "2024.02.02"]
[EventType "swiss"]
[EventCountry "USA"]
[SourceTitle "playchess.com"]
[Source "ChessBase"]
[SourceQuality "1"]
[TimeControl "5400+30"]

1. d4 g6 2. c4 Bg7 3. Nc3 c5 4. d5 f5 5. d6 Bxc3+ 6. bxc3 exd6 7. g3 Qf6 8. Bg2 Nc6 9. Nf3 Nge7 10. O-O b6 11. Bf4 Bb7 12. Bxd6 O-O-O 13. a4 Rhe8 14. a5 Nxa5 15. Rxa5 bxa5 16. Qd2 Nc6 17. Rb1 Rxe2 18. Qxe2 Qxd6 19. Ng5 Qc7 20. Nf7 Rf8 21. Bd5 a4 22. Qe3 Nd8 23. Nxd8 Bxd5 24. cxd5 Rxd8 25. Qe2 Qd6 26. Qc4 Re8 27. Rb5 a6 28. Rxc5+ Kb7 29. Kg2 Re4 30. Rb5+ axb5 31. Qxb5+ Kc8 32. c4 a3 33. Kh3 g5 34. Kg2 Kd8 35. h3 Ke7 36. Qa4 Kf7 37. Qc2 Qe5 38. Qa4 Qxd5 0-1

[Event "Marshall CC FIDE Premier February 2024"]
[Site "New York"]
[Date "2024.02.03"]
[Round "1.2"]
[White "Chasin, Nico"]
[Black "Zhu, Linxi"]
[Result "1/2-1/2"]
[ECO "A59"]
[WhiteElo "2437"]
[BlackElo "1868"]
[Annotator "RC"]
[PlyCount "93"]
[EventDate "2024.02.02"]
[EventType "swiss"]
[EventCountry "USA"]
[SourceTitle "playchess.com"]
[Source "ChessBase"]
[SourceQuality "1"]
[TimeControl "5400+30"]

1. d4 Nf6 2. c4 c5 3. d5 b5 4. cxb5 a6 5. bxa6 g6 6. Nc3 Bxa6 7. e4 Bxf1 8. Kxf1 d6 9. Nf3 Bg7 10. g3 O-O 11. Kg2 Nbd7 12. h3 Qa5 13. Re1 Rfb8 14. a4 Ne8 15. Ra3 Nc7 16. Re2 Nb6 17. Bg5 Nc4 18. Rb3 Kf8 19. e5 dxe5 20. Ne4 Nd6 21. Rc3 Na6 22. Qc2 Nb4 23. Qd2 Nxe4 24. Rxe4 Rd8 25. Nxe5 f6 26. Nc4 Qc7 27. Ne3 Rxa4 28. Bf4 Qb7 29. Kh2 e5 30. Bxe5 fxe5 31. Rxc5 Na6 32. Rcc4 Rxc4 33. Rxc4 Kg8 34. Qc2 Bh6 35. Ng4 Bg7 36. Rc6 Nb8 37. Rc5 Nd7 38. Rc6 Nb8 39. Rc7 Qxd5 40. Rxg7+ Kxg7 41. Qc7+ Rd7 42. Qxb8 Rf7 43. Kg1 Qd1+ 44. Kh2 Qd5 45. Kg1 Qd1+ 46. Kg2 Qd5+ 47. Kg1 1/2-1/2

[Event "Marshall CC FIDE Premier February 2024"]
[Site "New York"]
[Date "2024.02.03"]
[Round "1.3"]
[White "Marsh, James J"]
[Black "Zeltsan, Joseph"]
[Result "0-1"]
[ECO "A17"]
[WhiteElo "1987"]
[BlackElo "2439"]
[Annotator "RC"]
[PlyCount "76"]
[EventDate "2024.02.02"]
[EventType "swiss"]
[EventCountry "USA"]
[SourceTitle "playchess.com"]
[Source "ChessBase"]
[SourceQuality "1"]
[TimeControl "5400+30"]

1. Nf3 Nf6 2. c4 e6 3. e3 d5 4. Nc3 b6 5. cxd5 exd5 6. g3 Bd6 7. Bg2 O-O 8. O-O Bb7 9. b3 Nbd7 10. Bb2 a6 11. Rc1 Re8 12. Re1 Rb8 13. d3 c5 14. d4 c4 15. a4 Bb4 16. Nd2 b5 17. axb5 Bxc3 18. Bxc3 axb5 19. Bb4 Qb6 20. Qc2 Rbc8 21. Bh3 h5 22. Nf3 Ng4 23. Qf5 Ndf6 24. Ne5 Ra8 25. Nxg4 hxg4 26. Bg2 Ra2 27. Qb1 Rea8 28. Rc2 R2a6 29. Rec1 Bc8 30. Rb2 Qd8 31. bxc4 bxc4 32. Bc5 Be6 33. Rb5 g6 34. Bb6 Qe8 35. Rb4 Bf5 36. Qb2 Ra2 37. Qc3 Ne4 38. Bxe4 Qxe4 0-1

[Event "Marshall CC FIDE Premier February 2024"]
[Site "New York"]
[Date "2024.02.03"]
[Round "1.4"]
[White "Williams, Justus"]
[Black "Gaw, Chloe"]
[Result "1-0"]
[ECO "D20"]
[WhiteElo "2382"]
[BlackElo "1928"]
[Annotator "RC"]
[PlyCount "71"]
[EventDate "2024.02.02"]
[EventType "swiss"]
[EventCountry "USA"]
[SourceTitle "playchess.com"]
[Source "ChessBase"]
[SourceQuality "1"]
[TimeControl "5400+30"]

1. d4 d5 2. c4 dxc4 3. e4 e5 4. Nf3 exd4 5. Bxc4 Nc6 6. O-O Be6 7. Bxe6 fxe6 8. Qb3 Qd7 9. Qxb7 Rb8 10. Qa6 Bd6 11. a3 Nge7 12. Nbd2 e5 13. Qc4 Nd8 14. b4 Nc8 15. Qa2 Nb6 16. Nb3 Ne6 17. Nc5 Bxc5 18. bxc5 Nxc5 19. Nxe5 Qe6 20. Qxe6+ Nxe6 21. Nc6 Ra8 22. Rd1 O-O 23. Nxd4 Rfd8 24. Be3 Nc5 25. f3 Nc4 26. Bg5 Rd7 27. Nc6 h6 28. Rxd7 Nxd7 29. Bf4 Kf7 30. Rd1 Ke8 31. Nd4 Nf8 32. Rc1 Nxa3 33. Rc5 c6 34. Rxc6 a5 35. Rc7 Nb1 36. Bd6 1-0

[Event "Marshall CC FIDE Premier February 2024"]
[Site "New York"]
[Date "2024.02.03"]
[Round "1.5"]
[White "Kozower, Ethan"]
[Black "Pressman, Leif"]
[Result "0-1"]
[ECO "C47"]
[WhiteElo "1904"]
[BlackElo "2258"]
[Annotator "RC"]
[PlyCount "144"]
[EventDate "2024.02.02"]
[EventType "swiss"]
[EventCountry "USA"]
[SourceTitle "playchess.com"]
[Source "ChessBase"]
[SourceQuality "1"]
[TimeControl "5400+30"]

1. e4 e5 2. Nf3 Nc6 3. Nc3 Nf6 4. h3 Bd6 5. Bc4 Bc5 6. O-O d6 7. a3 h6 8. Na4 Nxe4 9. d3 Nxf2 10. Rxf2 Bxf2+ 11. Kxf2 d5 12. Bb5 O-O 13. Bxc6 bxc6 14. Nc5 Qd6 15. b4 f5 16. Qe1 e4 17. Nd4 a5 18. Bb2 axb4 19. axb4 Rxa1 20. Bxa1 Qg6 21. Qc3 Rf6 22. Qd2 f4 23. dxe4 dxe4 24. Qe2 Qg3+ 25. Kg1 f3 26. Qf2 Qxf2+ 27. Kxf2 e3+ 28. Kf1 e2+ 29. Nxe2 fxe2+ 30. Kxe2 Rg6 31. Kf2 Rd6 32. Ke2 Bf5 33. c4 Be6 34. Be5 Bxc4+ 35. Ke3 Rd1 36. Bxc7 Bd5 37. g3 Rb1 38. Nd3 Bc4 39. Ne5 Rxb4 40. Nxc6 Rb3+ 41. Kd4 Bf1 42. h4 Rd3+ 43. Kc5 Bg2 44. Nd4 Rc3+ 45. Kb6 Kf7 46. Be5 Rc1 47. Bf4 Rc4 48. Nb5 Rc6+ 49. Ka5 Kf6 50. Kb4 Bf1 51. Nc3 Kf5 52. Nd5 Ke4 53. Nc3+ Kd4 54. Nd1 Rb6+ 55. Ka4 Rb7 56. Ne3 Bd3 57. Ng4 h5 58. Ne3 Ke4 59. Bg5 Kf3 60. Bf4 Rf7 61. Nd5 Be4 62. Nc7 Rxf4 63. gxf4 g6 64. Ne6 Bf5 65. Nd4+ Kg4 66. Kb3 Kxh4 67. Kc3 Kg3 68. Kd2 Kf2 69. Nb5 h4 70. Nd6 h3 71. Nf7 h2 72. Ne5 h1=Q 0-1

[Event "Marshall CC FIDE Premier February 2024"]
[Site "New York"]
[Date "2024.02.03"]
[Round "2.1"]
[White "Bortnyk, Mykola"]
[Black "Lin, Bryan Enming"]
[Result "1-0"]
[ECO "E62"]
[WhiteElo "2421"]
[BlackElo "2102"]
[Annotator "RC"]
[PlyCount "105"]
[EventDate "2024.02.02"]
[EventType "swiss"]
[EventCountry "USA"]
[SourceTitle "playchess.com"]
[Source "ChessBase"]
[SourceQuality "1"]
[TimeControl "5400+30"]

1. d4 Nf6 2. Nf3 g6 3. c4 Bg7 4. g3 O-O 5. Bg2 d6 6. O-O Nc6 7. Nc3 Bg4 8. h3 Bxf3 9. Bxf3 Nd7 10. e3 e5 11. dxe5 Ndxe5 12. Bd5 Ne7 13. Bxb7 Rb8 14. Bg2 Nxc4 15. Qe2 Nb6 16. a4 Nd7 17. Nb5 a6 18. Nd4 c5 19. Nc6 Nxc6 20. Bxc6 Rb6 21. Bg2 Qc7 22. Rd1 Ne5 23. Bd2 Rxb2 24. Qxa6 c4 25. Rac1 Rb6 26. Qa5 Qb8 27. Be4 Rc8 28. Rb1 Rb3 29. Kg2 Rc5 30. Qa6 f5 31. Bc2 Rxb1 32. Rxb1 Qc7 33. Qa8+ Bf8 34. e4 Qc6 35. Rb8 Qxa8 36. Rxa8 Kf7 37. a5 Nc6 38. a6 c3 39. Be3 Ra5 40. Bb3+ Kg7 41. Bd5 Nb4 42. Bd4+ Kh6 43. Bxc3 Rxa6 44. Rxf8 Nxd5 45. exd5 Ra3 46. Rc8 Kh5 47. Rc6 g5 48. Bb4 Rd3 49. Bxd6 f4 50. g4+ Kh4 51. Be5 h5 52. Rh6 Rxh3 53. Rxh5+ 1-0

[Event "Marshall CC FIDE Premier February 2024"]
[Site "New York"]
[Date "2024.02.03"]
[Round "2.2"]
[White "Zeltsan, Joseph"]
[Black "Hebbar, Eshaan"]
[Result "1/2-1/2"]
[ECO "A07"]
[WhiteElo "2439"]
[BlackElo "2018"]
[Annotator "RC"]
[PlyCount "210"]
[EventDate "2024.02.02"]
[EventType "swiss"]
[EventCountry "USA"]
[SourceTitle "playchess.com"]
[Source "ChessBase"]
[SourceQuality "1"]
[TimeControl "5400+30"]

1. Nf3 d5 2. g3 Nf6 3. Bg2 c6 4. O-O Bg4 5. h3 Bxf3 6. exf3 e6 7. f4 Nbd7 8. Re1 Be7 9. d3 O-O 10. Nd2 b5 11. Nf3 Rc8 12. Qe2 Re8 13. Bd2 Qb6 14. g4 g6 15. c3 c5 16. Ne5 Nxe5 17. fxe5 Nd7 18. Kh1 d4 19. cxd4 cxd4 20. Rec1 g5 21. h4 h6 22. f4 gxf4 23. Bxf4 Bxh4 24. Bxh6 Rc5 25. Bf4 Rec8 26. Rxc5 Rxc5 27. g5 Nf8 28. Be4 Qa5 29. Rg1 Rc7 30. a3 b4 31. Qh2 Ng6 32. axb4 Qxb4 33. Rf1 Qb3 34. Bd2 Qxb2 35. Bxg6 fxg6 36. Qf4 Qb8 37. Kg1 Rh7 38. Qf6 Qe8 39. Bb4 Rh5 40. Bd2 Rh7 41. Kg2 Rh5 42. Rf3 a5 43. Rf1 a4 44. Ra1 Qc6+ 45. Qf3 Qxf3+ 46. Kxf3 Bxg5 47. Bb4 Be3 48. Bd6 Rf5+ 49. Kg4 Rf4+ 50. Kg3 g5 51. Rxa4 Kg7 52. Ra8 Rf5 53. Re8 Bf4+ 54. Kg4 Bxe5 55. Rxe6 Rf4+ 56. Kxg5 Bxd6 57. Rxd6 Rf1 58. Rxd4 Kf7 59. Re4 Rf3 60. d4 Rd3 61. Kf5 Rf3+ 62. Kg5 Rd3 63. Kf5 Rf3+ 64. Kg4 Rd3 65. Kg5 Rd1 66. Kf5 Rd2 67. Ke5 Ke7 68. Rh4 Re2+ 69. Kd5 Rg2 70. Rh7+ Kd8 71. Rh8+ Kd7 72. Rh7+ Kd8 73. Rh6 Kd7 74. Rd6+ Ke7 75. Re6+ Kd7 76. Rd6+ Ke7 77. Rh6 Kd7 78. Rh5 Rg1 79. Rh7+ Kd8 80. Kc5 Rg5+ 81. Kd6 Rg6+ 82. Ke5 Rg5+ 83. Ke6 Rg6+ 84. Kf5 Rg1 85. Ke5 Rg5+ 86. Kd6 Rg6+ 87. Kc5 Rg5+ 88. d5 Rg6 89. Ra7 Rh6 90. Rg7 Rf6 91. Kd4 Rh6 92. Rf7 Ke8 93. Rg7 Kd8 94. Rf7 Ke8 95. Ra7 Kd8 96. Kc5 Rg6 97. Rh7 Rf6 98. Kd4 Rg6 99. Ke4 Rg5 100. Rh6 Kd7 101. Kd4 Rg1 102. Rh7+ Kd6 103. Rh6+ Kd7 104. Rh4 Kd6 105. Rh8 Rg4+ 1/2-1/2

[Event "Marshall CC FIDE Premier February 2024"]
[Site "New York"]
[Date "2024.02.03"]
[Round "2.3"]
[White "Jiang, Jason"]
[Black "Williams, Justus"]
[Result "1/2-1/2"]
[ECO "A22"]
[WhiteElo "1864"]
[BlackElo "2382"]
[Annotator "RC"]
[PlyCount "66"]
[EventDate "2024.02.02"]
[EventType "swiss"]
[EventCountry "USA"]
[SourceTitle "playchess.com"]
[Source "ChessBase"]
[SourceQuality "1"]
[TimeControl "5400+30"]

1. c4 e5 2. Nc3 Nf6 3. Nf3 e4 4. Ng5 c6 5. Ngxe4 Nxe4 6. Nxe4 d5 7. cxd5 cxd5 8. Ng3 h5 9. e3 h4 10. Bb5+ Nc6 11. Ne2 h3 12. g3 a6 13. Bxc6+ bxc6 14. O-O Qf6 15. f3 Bd6 16. Qc2 Bd7 17. d3 Rb8 18. Rb1 c5 19. e4 c4 20. d4 dxe4 21. fxe4 Qg6 22. Bf4 Rb4 23. Nc3 O-O 24. Qd2 Re8 25. Rbe1 Reb8 26. Rb1 Re8 27. Rf2 Bf8 28. Re1 Rb7 29. a3 Rb3 30. d5 Bc5 31. Be3 Bd6 32. Bf4 Bc5 33. Be3 Bd6 1/2-1/2

[Event "Marshall CC FIDE Premier February 2024"]
[Site "New York"]
[Date "2024.02.03"]
[Round "2.4"]
[White "Pressman, Leif"]
[Black "Chen, Derek H"]
[Result "1-0"]
[ECO "B94"]
[WhiteElo "2258"]
[BlackElo "2070"]
[Annotator "RC"]
[PlyCount "185"]
[EventDate "2024.02.02"]
[EventType "swiss"]
[EventCountry "USA"]
[SourceTitle "playchess.com"]
[Source "ChessBase"]
[SourceQuality "1"]
[TimeControl "5400+30"]

1. e4 c5 2. Nf3 d6 3. d4 cxd4 4. Nxd4 Nf6 5. Nc3 a6 6. Bg5 Nbd7 7. Qe2 e6 8. O-O-O Be7 9. f4 Qc7 10. g3 b5 11. Bg2 Bb7 12. Rhe1 O-O 13. e5 dxe5 14. fxe5 Nd5 15. Bxe7 Nxe7 16. Bxb7 Qxb7 17. Ne4 Qc7 18. Qh5 Qxe5 19. Ng5 Nf6 20. Qxf7+ Rxf7 21. Rxe5 Rff8 22. Ngxe6 Rfc8 23. Nf4 Ra7 24. Nde6 Nc6 25. Rc5 Ne4 26. Rxc6 Rxc6 27. Rd8+ Kf7 28. Rd4 Rxe6 29. Nxe6 Kxe6 30. Rxe4+ Kd5 31. Rh4 h6 32. a4 Rf7 33. axb5 axb5 34. Kd2 Rf2+ 35. Kc3 Kc5 36. Rh5+ Kc6 37. Kb3 Re2 38. Kc3 Rf2 39. b4 Rg2 40. Kd3 Rf2 41. c3 Rf3+ 42. Kd4 Rf2 43. Ke3 Rg2 44. Kf3 Rd2 45. Rc5+ Kb6 46. h4 Rd6 47. h5 g6 48. Kg4 gxh5+ 49. Kxh5 Rd3 50. Kh4 Rd1 51. g4 Rh1+ 52. Kg3 Rg1+ 53. Kf3 Rf1+ 54. Kg2 Rd1 55. Rf5 Rd6 56. Kg3 Kc6 57. Kf4 Rg6 58. Rc5+ Kb6 59. Kg3 Rf6 60. c4 bxc4 61. Rxc4 Kb5 62. Rd4 Ra6 63. Kh4 Ra1 64. Kh5 Rh1+ 65. Kg6 Rh4 66. Rf4 Ka4 67. Kf5 Kb5 68. Re4 Ka4 69. Rf4 Kb5 70. Re4 Ka4 71. Ke5 Kb5 72. Kf4 Rh1 73. Rd4 Ka4 74. Kg3 Kb5 75. Re4 Ka4 76. Kg2 Rh4 77. Kf3 Kb5 78. Kf4 Rh1 79. Kf5 Rh4 80. Rf4 Ka4 81. Re4 Rh1 82. Ke6 Rh4 83. Kd5 Rh1 84. Kc5 Rb1 85. Rc4 Rb2 86. Rc1 Rg2 87. b5 h5 88. Ra1+ Kb3 89. gxh5 Rg5+ 90. Kc6 Rxh5 91. b6 Rh6+ 92. Kb5 Rh5+ 93. Ka6 1-0

[Event "Marshall CC FIDE Premier February 2024"]
[Site "New York"]
[Date "2024.02.03"]
[Round "2.5"]
[White "Hughes, John L"]
[Black "Roberts, Aston"]
[Result "1-0"]
[ECO "B31"]
[WhiteElo "2167"]
[BlackElo "1768"]
[Annotator "RC"]
[PlyCount "79"]
[EventDate "2024.02.02"]
[EventType "swiss"]
[EventCountry "USA"]
[SourceTitle "playchess.com"]
[Source "ChessBase"]
[SourceQuality "1"]
[TimeControl "5400+30"]

1. e4 c5 2. Nf3 Nc6 3. Bb5 g6 4. O-O Bg7 5. c3 e5 6. Na3 Nge7 7. Nc4 d6 8. d4 O-O 9. d5 Na5 10. Ne3 a6 11. Be2 b5 12. b4 Nb7 13. c4 cxb4 14. cxb5 Nc5 15. Nd2 axb5 16. Bxb5 Ba6 17. Bxa6 Rxa6 18. Nc2 Rb6 19. Rb1 Qb8 20. Nc4 Rb7 21. Qe2 Rc8 22. Bg5 f6 23. Bd2 b3 24. axb3 Nxb3 25. N2a3 Nxd2 26. Qxd2 Rxb1 27. Rxb1 Qxb1+ 28. Nxb1 Rxc4 29. f3 Rd4 30. Qc1 h5 31. Na3 Kh7 32. Qc7 Nxd5 33. exd5 Rxd5 34. Nc4 Rc5 35. Qf7 Rc6 36. Ne3 Kh6 37. Nd5 Rc1+ 38. Kf2 h4 39. h3 Rc2+ 40. Kg1 1-0

[Event "Marshall CC FIDE Premier February 2024"]
[Site "New York"]
[Date "2024.02.04"]
[Round "3.1"]
[White "Pressman, Leif"]
[Black "Bortnyk, Mykola"]
[Result "0-1"]
[ECO "B08"]
[WhiteElo "2258"]
[BlackElo "2421"]
[Annotator "RC"]
[PlyCount "112"]
[EventDate "2024.02.02"]
[EventType "swiss"]
[EventCountry "USA"]
[SourceTitle "playchess.com"]
[Source "ChessBase"]
[SourceQuality "1"]
[TimeControl "5400+30"]

1. e4 g6 2. d4 Bg7 3. Nc3 d6 4. Nf3 c6 5. a4 Bg4 6. Be2 Nd7 7. O-O Qc7 8. Be3 Ngf6 9. h3 Bxf3 10. Bxf3 O-O 11. a5 b5 12. axb6 axb6 13. Rxa8 Rxa8 14. d5 cxd5 15. exd5 Ne5 16. Be2 Nc4 17. Nb5 Qc8 18. Bd4 Ra5 19. b3 Na3 20. Nxa3 Rxa3 21. Bxb6 Qb7 22. Bd4 Qxd5 23. Bf3 Qa5 24. Qe1 Qxe1 25. Rxe1 e6 26. Rd1 Ra2 27. c4 e5 28. Be3 e4 29. Bg4 h5 30. Bc8 Ra8 31. Bb7 Rb8 32. Bc6 Rxb3 33. Bf4 Rb4 34. Bb5 d5 35. Bd6 Rb3 36. Be5 h4 37. Kf1 Nh5 38. Bh2 d4 39. Rc1 d3 40. Bc6 Bh6 41. Rd1 f5 42. c5 Rc3 43. Bd5+ Kh7 44. Bd6 Bf4 45. Be7 Be5 46. c6 Nf4 47. Ba2 Rxc6 48. Bxh4 Ne2 49. Bb3 Rb6 50. Bc4 Nc3 51. Ra1 d2 52. Be2 Nxe2 53. Ra7+ Kh6 54. Kxe2 g5 55. Ra5 Bc3 56. Rc5 Rb1 0-1

[Event "Marshall CC FIDE Premier February 2024"]
[Site "New York"]
[Date "2024.02.04"]
[Round "3.2"]
[White "Zeltsan, Joseph"]
[Black "Hughes, John L"]
[Result "1/2-1/2"]
[ECO "B40"]
[WhiteElo "2439"]
[BlackElo "2167"]
[Annotator "RC"]
[PlyCount "74"]
[EventDate "2024.02.02"]
[EventType "swiss"]
[EventCountry "USA"]
[SourceTitle "playchess.com"]
[Source "ChessBase"]
[SourceQuality "1"]
[TimeControl "5400+30"]

1. e4 c5 2. Nf3 e6 3. d4 cxd4 4. Nxd4 Bc5 5. Nb3 Bb6 6. Nc3 Ne7 7. Bf4 d5 8. exd5 Nxd5 9. Bb5+ Nc6 10. Nxd5 exd5 11. O-O O-O 12. Qd2 Qf6 13. c3 a6 14. Be2 d4 15. c4 Be6 16. Rac1 h6 17. Bf3 Rac8 18. c5 Bc7 19. Bxc7 Rxc7 20. Na5 Ne5 21. Be4 Bc8 22. b4 Rd8 23. Nc4 Nxc4 24. Rxc4 Be6 25. Rcc1 Bd5 26. Bxd5 Rxd5 27. Qd3 a5 28. Rfe1 g6 29. a3 Kg7 30. Kf1 axb4 31. axb4 b6 32. cxb6 Qxb6 33. Rxc7 Qxc7 34. g3 Qc3 35. Qxc3 dxc3 36. Rc1 Rb5 37. Rxc3 Rxb4 1/2-1/2

[Event "Marshall CC FIDE Premier February 2024"]
[Site "New York"]
[Date "2024.02.04"]
[Round "3.3"]
[White "Williams, Justus"]
[Black "Zhu, Linxi"]
[Result "1-0"]
[ECO "A58"]
[WhiteElo "2382"]
[BlackElo "1868"]
[Annotator "RC"]
[PlyCount "77"]
[EventDate "2024.02.02"]
[EventType "swiss"]
[EventCountry "USA"]
[SourceTitle "playchess.com"]
[Source "ChessBase"]
[SourceQuality "1"]
[TimeControl "5400+30"]

1. d4 Nf6 2. c4 c5 3. d5 b5 4. cxb5 a6 5. bxa6 g6 6. Nc3 Bxa6 7. g3 Bg7 8. Bg2 d6 9. Nf3 O-O 10. Rb1 Nbd7 11. b3 Qa5 12. Bd2 Rfb8 13. Qc2 Qc7 14. O-O Nb6 15. Nh4 Bb7 16. e4 Ba6 17. Rfd1 Ng4 18. h3 Ne5 19. Be3 c4 20. b4 Nd3 21. Nf3 Bc8 22. Nd4 Bd7 23. Nc6 Bxc6 24. dxc6 Bxc3 25. Qxc3 Rxa2 26. b5 e5 27. Ra1 Rba8 28. Rxa2 Rxa2 29. Bf1 Nb2 30. Rb1 N2a4 31. Qa5 c3 32. Rc1 c2 33. Bd3 Kg7 34. Bxc2 Qb8 35. Bb3 Ra3 36. Bxa4 Nxa4 37. c7 Qc8 38. Qa6 Qxa6 39. bxa6 1-0

[Event "Marshall CC FIDE Premier February 2024"]
[Site "New York"]
[Date "2024.02.04"]
[Round "3.4"]
[White "Hebbar, Eshaan"]
[Black "Klein, Ethan"]
[Result "1-0"]
[ECO "D32"]
[WhiteElo "2018"]
[BlackElo "1923"]
[Annotator "RC"]
[PlyCount "55"]
[EventDate "2024.02.02"]
[EventType "swiss"]
[EventCountry "USA"]
[SourceTitle "playchess.com"]
[Source "ChessBase"]
[SourceQuality "1"]
[TimeControl "5400+30"]

1. d4 d5 2. c4 e6 3. Nc3 c5 4. cxd5 cxd4 5. Qa4+ Bd7 6. Qxd4 exd5 7. Qxd5 Nf6 8. Qxb7 Nc6 9. Bf4 Bb4 10. Rc1 O-O 11. e3 Qa5 12. Bc4 Rac8 13. Nge2 Nb8 14. Bxb8 Rxb8 15. Qa6 Qe5 16. O-O Ng4 17. Ng3 h5 18. Qxa7 Bc6 19. Qd4 Qg5 20. Nce4 Bxe4 21. Nxe4 Qh4 22. h3 Rfd8 23. Bd5 Rb5 24. Bxf7+ Kxf7 25. Rc7+ Ke8 26. Qxg7 Be7 27. g3 Qxh3 28. Rxe7# 1-0

[Event "Marshall CC FIDE Premier February 2024"]
[Site "New York"]
[Date "2024.02.04"]
[Round "3.5"]
[White "Jiang, Jason"]
[Black "Shen, Leo Xiaohang"]
[Result "1-0"]
[ECO "D10"]
[WhiteElo "1864"]
[BlackElo "1488"]
[Annotator "NA RC"]
[PlyCount "117"]
[EventDate "2024.02.02"]
[EventType "swiss"]
[EventCountry "USA"]
[SourceTitle "playchess.com"]
[Source "ChessBase"]
[SourceQuality "1"]
[TimeControl "5400+30"]

1. c4 c6 2. Nc3 d5 3. cxd5 cxd5 4. d4 Nc6 5. Bf4 Nf6 6. e3 a6 7. Bd3 Bg4 8. Nge2 e6 9. Qb3 {[%emt 0:02:08] D10: Slav Defence: 3 cxd5 (without early Nf3) and 3 Nc3.} Na5 10. Qc2 Bd6 11. O-O O-O 12. Bxd6 Qxd6 13. Ng3 Nc6 14. h3 Nb4 15. Qd2 Nxd3 16. Qxd3 Bh5 17. Rac1 Bg6 18. Qd2 Rac8 19. Na4 Nd7 20. Rxc8 Rxc8 21. Rc1 Rc6 22. b3 h6 23. Rxc6 Qxc6 24. Qc3 Qxc3 25. Nxc3 Kf8 26. f3 Ke7 27. Kf2 Kd6 28. e4 f6 29. Ke3 Bh7 30. Nh5 g5 31. Nxf6 Nxf6 32. e5+ Ke7 33. exf6+ Kxf6 34. b4 Bg6 35. Na4 Be8 36. Nc5 Bc6 37. Nd3 b6 38. f4 Bb5 39. fxg5+ Kxg5 40. g3 Kf5 41. Ne5 Bf1 42. g4+ Kg5 43. Nf3+ Kf6 44. h4 Bh3 45. Kf4 a5 46. a3 axb4 47. axb4 Bf1 48. g5+ hxg5+ 49. hxg5+ Kg7 50. Ke5 Bh3 51. Ne1 Bf5 52. Ng2 Kg6 53. Nf4+ Kxg5 54. Nxe6+ Kg4 55. Nc7 Bc8 56. Nxd5 b5 57. Nc7 Kf3 58. Nxb5 Ke3 59. Nd6 1-0

[Event "Marshall CC FIDE Premier February 2024"]
[Site "New York"]
[Date "2024.02.04"]
[Round "4.1"]
[White "Bortnyk, Mykola"]
[Black "Williams, Justus"]
[Result "1-0"]
[ECO "B11"]
[WhiteElo "2421"]
[BlackElo "2382"]
[Annotator "TA"]
[PlyCount "101"]
[EventDate "2024.02.02"]
[EventType "swiss"]
[EventCountry "USA"]
[SourceTitle "playchess.com"]
[Source "ChessBase"]
[SourceQuality "1"]
[TimeControl "5400+30"]

1. e4 c6 2. Nc3 d5 3. Qf3 Nf6 4. e5 Nfd7 5. Qg3 e6 6. Nf3 {[%emt 0:00:50] B11: Caro-Kann: Two Knights Variation.} a6 7. b4 $146 ({Predecessor:} 7. d4 c5 8. Bg5 Qa5 9. Bd2 cxd4 10. Nb5 Qd8 11. Nbxd4 Nc6 12. O-O-O Nc5 13. Bd3 {0-1 Jarvenpaa,J (2272)-Novik,M (2474) FIN-chT 1415 2014 (5.1)}) 7... f6 8. Bd3 Nxe5 $1 9. Nxe5 fxe5 10. Qxe5 Qf6 11. Qxf6 gxf6 12. a3 Nd7 13. Bb2 a5 14. Na2 b5 15. O-O Kf7 16. f4 Bb7 17. Be2 h5 18. d3 Bd6 19. c4 bxc4 20. dxc4 Ke7 21. c5 Bc7 22. Nc3 (22. Nc1 $11) 22... axb4 23. axb4 Rxa1 24. Bxa1 h4 25. Bb2 Ra8 26. g3 $1 hxg3 27. hxg3 e5 28. Kg2 Rg8 29. Bc1 Nf8 30. f5 Nd7 (30... e4 $1 $17 31. g4 Rh8) 31. Rh1 $11 Rg7 $2 (31... e4 $11) 32. Rh8 $18 e4 33. g4 Be5 34. Bh6 Rf7 35. Na4 (35. Na2 $18) 35... Nf8 $1 $14 36. Kf2 Nh7 37. Nb6 Ng5 38. Nxd5+ cxd5 39. Bb5 Rh7 40. Re8+ Kf7 41. Bxg5 d4 $2 {[%emt 0:03:37][%mdl 8192] [#]} (41... Rh2+ $11 42. Kg1 Rb2 43. Rxe5 fxe5) 42. Rxe5 $1 $18 fxe5 43. c6 e3+ 44. Kf3 Ba8 $2 {[%emt 0:00:40] [#]} (44... e4+ {keeps fighting.} 45. Kxe4 e2 46. Bxe2 (46. cxb7 $2 e1=Q+ 47. Kd5 Qh1+ 48. Ke5 Qxb7 $19) (46. Bd2 Bxc6+ 47. Bxc6 Rh1 $18) 46... Bxc6+ 47. Kxd4 Ke8) 45. Bc4+ $1 $18 Ke8 46. b5 Rh2 47. f6 e2 48. f7+ ({Weaker is} 48. Bxe2 e4+ 49. Kxe4 Rxe2+ 50. Kxd4 Kf7 $11) 48... Kf8 49. Bd2 $1 ({Stronger than} 49. Bxe2 e4+ 50. Kxe4 Rxe2+ 51. Kxd4 (51. Kd3 $2 Rb2 $19) 51... Kxf7 $11) 49... e4+ 50. Kxe4 Kg7 51. Bb4 1-0